PIO (24 & UNDER)
COLORADO COMMANDERS @ SEATTLE RAINIERS
08/09/2023
 
TOP OF THE 1ST
Colorado Commanders batting - Pitching for Seattle Rainiers : LHP Nelson Béltre
Pitching: LHP Nelson Béltre
Batting: LHB Rafael Delgado 0-0: Ball
1-0: Called Strike
1-1: Ball
2-1: Bunt for hit - play at first, batter OUT! 4-3
Batting: RHB Emílio Bruno 0-0: Ball
1-0: Swinging Strike
1-1: Fly out, F8 (Flyball, 8RD)
Batting: SHB Scott Compton 0-0: Called Strike
0-1: TRIPLE (Line Drive, 89M)
Batting: RHB Diego Francisco 0-0: Called Strike
0-1: Called Strike
0-2: Fly out, F9 (Flyball, 8RM)
Top of the 1st over - 0 run(s), 1 hit(s), 0 error(s), 1 left on base; Colorado 0 - Seattle 0
BOTTOM OF THE 1ST
Seattle Rainiers batting - Pitching for Colorado Commanders : RHP Kenshin Kubota
Pitching: RHP Kenshin Kubota
Batting: RHB Chris Parker 0-0: Ball
1-0: Ball
2-0: Called Strike
2-1: Called Strike
2-2: Foul Ball, location: 2F
2-2: Strikes out swinging
Batting: RHB Elpidio Martinho 0-0: Ball
1-0: Ground out 4-3 (Groundball, 34)
Batting: SHB Glenn Vadnais 0-0: Ball
1-0: Foul Ball, location: 2F
1-1: Swinging Strike
1-2: Ball
2-2: Foul Ball, location: 2F
2-2: Foul Ball, location: 2F
2-2: SINGLE (Line Drive, 7LS)
Batting: LHB Brian Boone 0-0: Ball
1-0: Foul Ball, location: 2F
1-1: DOUBLE (Flyball, 7LM)
Glenn Vadnais to third
Runner from 3rd tries for Home, SAFE, no throw or cutoff
Batting: SHB Nick Cox 0-0: Called Strike
0-1: Swinging Strike
0-2: Strikes out swinging
Bottom of the 1st over - 1 run(s), 2 hit(s), 0 error(s), 1 left on base; Colorado 0 - Seattle 1
TOP OF THE 2ND
Colorado Commanders batting - Pitching for Seattle Rainiers : LHP Nelson Béltre
Batting: SHB George Adams 0-0: Swinging Strike
0-1: Ball
1-1: Foul Ball, location: 2F
1-2: Strikes out swinging
Batting: RHB Earnest Turner 0-0: Ball
1-0: Foul Ball, location: 2F
1-1: Foul Ball, location: 2F
1-2: Foul Ball, location: 2F
1-2: Ground out 5-3 (Groundball, 56)
Batting: RHB Emiel van Rhee 0-0: Called Strike
0-1: Foul Ball, location: 2F
0-2: Strikes out swinging
Top of the 2nd over - 0 run(s), 0 hit(s), 0 error(s), 0 left on base; Colorado 0 - Seattle 1
BOTTOM OF THE 2ND
Seattle Rainiers batting - Pitching for Colorado Commanders : RHP Kenshin Kubota
Batting: LHB Norbert Mosley 0-0: Called Strike
0-1: Fly out, F8 (Flyball, 8LM)
Batting: SHB Francisco Lópes 0-0: Ball
1-0: Called Strike
1-1: Called Strike
1-2: Fly out, F7 (Line Drive, 7LM)
Batting: RHB John Hill 0-0: Swinging Strike
0-1: Called Strike
0-2: Foul Ball, location: 2F
0-2: Strikes out looking
Bottom of the 2nd over - 0 run(s), 0 hit(s), 0 error(s), 0 left on base; Colorado 0 - Seattle 1
TOP OF THE 3RD
Colorado Commanders batting - Pitching for Seattle Rainiers : LHP Nelson Béltre
Batting: LHB John Nicholson 0-0: Ball
1-0: Foul Ball, location: 2F
1-1: Swinging Strike
1-2: Strikes out looking
Batting: RHB Tim Adkins 0-0: Ball
1-0: Called Strike
1-1: Ball
2-1: Foul Ball, location: 2F
2-2: Ball
3-2: Ground out 1-3 (Groundball, 23)
Batting: LHB Rafael Delgado 0-0: Ball
1-0: Called Strike
1-1: Foul Ball, location: 2F
1-2: Ball
2-2: SINGLE (Line Drive, 6M)
Batting: RHB Emílio Bruno 0-0: Ball
1-0: Called Strike
Rafael Delgado steals 2nd base
1-1: Ball
2-1: Foul Ball, location: 2F
2-2: Foul Ball, location: 2F
2-2: Ground out 3-1 (Groundball, 34)
Top of the 3rd over - 0 run(s), 1 hit(s), 0 error(s), 1 left on base; Colorado 0 - Seattle 1
BOTTOM OF THE 3RD
Seattle Rainiers batting - Pitching for Colorado Commanders : RHP Kenshin Kubota
Batting: LHB Alan Moore 0-0: Called Strike
0-1: Swinging Strike
0-2: Strikes out swinging
Batting: RHB Chris Parker 0-0: Ball
1-0: Ball
2-0: Called Strike
2-1: Foul Ball, location: 2F
2-2: Foul Ball, location: 2F
2-2: Strikes out looking
Batting: RHB Elpidio Martinho 0-0: Ball
1-0: Ball
2-0: Called Strike
2-1: SINGLE (Line Drive, 8RS)
Batting: SHB Glenn Vadnais 0-0: Called Strike
0-1: Fly out, F9 (Line Drive, 89D)
Bottom of the 3rd over - 0 run(s), 1 hit(s), 0 error(s), 1 left on base; Colorado 0 - Seattle 1
TOP OF THE 4TH
Colorado Commanders batting - Pitching for Seattle Rainiers : LHP Nelson Béltre
Batting: SHB Scott Compton 0-0: Ball
1-0: Ball
2-0: Ball
3-0: Called Strike
3-1: Foul Ball, location: 2F
3-2: Foul Ball, location: 2F
3-2: SOLO HOME RUN (Flyball, 78XD), Distance : 431 ft
Batting: RHB Diego Francisco 0-0: Called Strike
0-1: Foul Ball, location: 2F
0-2: Strikes out swinging
Batting: SHB George Adams 0-0: Ball
1-0: Fly out, F9 (Flyball, 9M)
Batting: RHB Earnest Turner 0-0: Ball
1-0: Ball
2-0: Ball
3-0: Swinging Strike
3-1: Foul Ball, location: 2F
3-2: Foul Ball, location: 2F
3-2: Foul Ball, location: 2F
3-2: Strikes out swinging
Top of the 4th over - 1 run(s), 1 hit(s), 0 error(s), 0 left on base; Colorado 1 - Seattle 1
BOTTOM OF THE 4TH
Seattle Rainiers batting - Pitching for Colorado Commanders : RHP Kenshin Kubota
Batting: LHB Brian Boone 0-0: Called Strike
0-1: Foul Ball, location: 2F
0-2: Ball
1-2: Strikes out looking
Batting: SHB Nick Cox 0-0: Ball
1-0: Called Strike
1-1: Foul Ball, location: 2F
1-2: Ball
2-2: Ground out 2-3 (Groundball, 2L)
Batting: LHB Norbert Mosley 0-0: Called Strike
0-1: Hit by Pitch
Batting: SHB Francisco Lópes 0-0: Ball
Norbert Mosley steals 2nd base
1-0: Ball
2-0: Ground out 4-3 (Groundball, 34)
Bottom of the 4th over - 0 run(s), 0 hit(s), 0 error(s), 1 left on base; Colorado 1 - Seattle 1
TOP OF THE 5TH
Colorado Commanders batting - Pitching for Seattle Rainiers : LHP Nelson Béltre
Batting: RHB Emiel van Rhee 0-0: Fly out, F8 (Line Drive, 8LM)
Batting: LHB John Nicholson 0-0: Ball
1-0: Called Strike
1-1: Ball
2-1: Ball
3-1: Base on Balls
Batting: RHB Tim Adkins 0-0: Fly out, F8 (Flyball, 8RM)
Batting: LHB Rafael Delgado 0-0: Ball
1-0: Ball
2-0: Ball
3-0: Base on Balls
John Nicholson to second
Batting: RHB Emílio Bruno 0-0: Fly out, F8 (Flyball, 8RM)
Top of the 5th over - 0 run(s), 0 hit(s), 0 error(s), 2 left on base; Colorado 1 - Seattle 1
BOTTOM OF THE 5TH
Seattle Rainiers batting - Pitching for Colorado Commanders : RHP Kenshin Kubota
Batting: RHB John Hill 0-0: Ball
1-0: Called Strike
1-1: Ball
2-1: Foul Ball, location: 2F
2-2: Foul Ball, location: 2F
2-2: Strikes out swinging
Batting: LHB Alan Moore 0-0: Ground out 4-3 (Groundball, 4)
Batting: RHB Chris Parker 0-0: Ball
1-0: Swinging Strike
1-1: Fly out, F8 (Flyball, 8LM)
Bottom of the 5th over - 0 run(s), 0 hit(s), 0 error(s), 0 left on base; Colorado 1 - Seattle 1
TOP OF THE 6TH
Colorado Commanders batting - Pitching for Seattle Rainiers : LHP Nelson Béltre
Batting: SHB Scott Compton 0-0: Ball
1-0: Called Strike
1-1: Ball
2-1: Foul Ball, location: 2F
2-2: Ball
3-2: SINGLE (Flyball, 9S)
Batting: RHB Diego Francisco 0-0: Ball
1-0: Ball
2-0: Ball
3-0: Base on Balls
Scott Compton to second
Pitching: RHP Leo MacIntosh
Batting: SHB George Adams 0-0: Ball
1-0: Called Strike
1-1: Swinging Strike
1-2: Ball
2-2: Hit by Pitch
Scott Compton to third
Diego Francisco to second
Batting: RHB Earnest Turner 0-0: Called Strike
0-1: Swinging Strike
0-2: Ball
1-2: Strikes out swinging
Batting: RHB Emiel van Rhee 0-0: Ball
1-0: Ball
2-0: Called Strike
2-1: Swinging Strike
2-2: Strikes out swinging
Batting: LHB John Nicholson 0-0: Called Strike
0-1: Foul Ball, location: 2F
0-2: Ball
1-2: Ball
2-2: Ball
3-2: Strikes out swinging
Top of the 6th over - 0 run(s), 1 hit(s), 0 error(s), 3 left on base; Colorado 1 - Seattle 1
BOTTOM OF THE 6TH
Seattle Rainiers batting - Pitching for Colorado Commanders : RHP Kenshin Kubota
Batting: RHB Elpidio Martinho 0-0: Fly out, F7 (Flyball, 78S)
Batting: SHB Glenn Vadnais 0-0: Called Strike
0-1: Foul Ball, location: 2F
0-2: Foul Ball, location: 2F
0-2: Ball
1-2: Strikes out swinging
Batting: LHB Brian Boone 0-0: Ball
1-0: Fly out, F7 (Line Drive, 78M)
Bottom of the 6th over - 0 run(s), 0 hit(s), 0 error(s), 0 left on base; Colorado 1 - Seattle 1
TOP OF THE 7TH
Colorado Commanders batting - Pitching for Seattle Rainiers : RHP Leo MacIntosh
Pinch Hitting: RHB Joe Haley 0-0: Called Strike
0-1: Ball
1-1: Called Strike
1-2: Strikes out swinging
Batting: LHB Rafael Delgado 0-0: Swinging Strike
0-1: Ball
1-1: Foul Ball, location: 2F
1-2: Ball
2-2: Foul Ball, location: 2F
2-2: Ball
3-2: Strikes out swinging
Batting: RHB Emílio Bruno 0-0: Ball
1-0: Foul Ball, location: 2F
1-1: Foul Ball, location: 2F
1-2: Strikes out looking
Top of the 7th over - 0 run(s), 0 hit(s), 0 error(s), 0 left on base; Colorado 1 - Seattle 1
BOTTOM OF THE 7TH
Seattle Rainiers batting - Pitching for Colorado Commanders : RHP Kenshin Kubota
Now at 3B: Joe Haley
Batting: SHB Nick Cox 0-0: Ball
1-0: Ball
2-0: Ball
3-0: Called Strike
3-1: Called Strike
3-2: Foul Ball, location: 2F
3-2: Base on Balls
Pitching: RHP Manuel Zarate
Batting: LHB Norbert Mosley 0-0: Sac Bunt - play at first, batter OUT! 1-4
Nick Cox to second
Pinch Hitting: LHB Tony Rivera 0-0: Intentional Walk
Pinch Hitting: RHB Jeremy Carr 0-0: Ball
1-0: Ball
2-0: Called Strike
2-1: Fly out, F8 (Flyball, 8LS)
Batting: LHB Alan Moore 0-0: Foul Ball, location: 2F
0-1: Swinging Strike
0-2: Strikes out swinging
Bottom of the 7th over - 0 run(s), 0 hit(s), 0 error(s), 2 left on base; Colorado 1 - Seattle 1
TOP OF THE 8TH
Colorado Commanders batting - Pitching for Seattle Rainiers : RHP Leo MacIntosh
Pitching: RHP Lúcio Feliciano
Now at 3B: Jorge Montoya
Now at SS: Tony Rivera
Batting: SHB Scott Compton 0-0: Swinging Strike
0-1: Ball
1-1: Ball
2-1: Foul Ball, location: 2F
2-2: Strikes out looking
Batting: RHB Diego Francisco 0-0: Ball
1-0: Called Strike
1-1: Called Strike
1-2: Strikes out swinging
Batting: SHB George Adams 0-0: Called Strike
0-1: Fly out, F8 (Flyball, 8LM)
Top of the 8th over - 0 run(s), 0 hit(s), 0 error(s), 0 left on base; Colorado 1 - Seattle 1
BOTTOM OF THE 8TH
Seattle Rainiers batting - Pitching for Colorado Commanders : RHP Manuel Zarate
Batting: RHB Chris Parker 0-0: Ball
1-0: SOLO HOME RUN (Line Drive, 7D), Distance : 389 ft
Batting: RHB Elpidio Martinho 0-0: Ground out 4-3 (Groundball, 4)
Batting: SHB Glenn Vadnais 0-0: Foul Ball, location: 2F
0-1: Ground out 4-3 (Groundball, 4)
Batting: LHB Brian Boone 0-0: Called Strike
0-1: Swinging Strike
0-2: Foul Ball, location: 2F
0-2: Strikes out swinging
Bottom of the 8th over - 1 run(s), 1 hit(s), 0 error(s), 0 left on base; Colorado 1 - Seattle 2
TOP OF THE 9TH
Colorado Commanders batting - Pitching for Seattle Rainiers : RHP Lúcio Feliciano
Pitching: RHP Jim Thompson
Batting: RHB Earnest Turner 0-0: Called Strike
0-1: Ball
1-1: Swinging Strike
1-2: Strikes out swinging
Pinch Hitting: RHB Richard Pendergast 0-0: Ball
1-0: SINGLE (Line Drive, 56)
Batting: LHB John Nicholson 0-0: Ball
1-0: Ball
2-0: Ball
3-0: Base on Balls
Richard Pendergast to second
Batting: RHB Joe Haley 0-0: Called Strike
0-1: Ground out 6-3 (Groundball, 6MS)
Richard Pendergast to third
John Nicholson to second
Batting: LHB Rafael Delgado 0-0: Called Strike
0-1: Ball
1-1: Foul Ball, location: 2F
1-2: Foul Ball, location: 2F
1-2: Ball
2-2: Ball
3-2: Foul Ball, location: 2F
3-2: Base on Balls
Batting: RHB Emílio Bruno 0-0: Called Strike
0-1: Ball
1-1: Foul Ball, location: 2F
1-2: Foul Ball, location: 2F
1-2: Fly out, F7 (Flyball, 7LD)
Top of the 9th over - 0 run(s), 1 hit(s), 0 error(s), 3 left on base; Colorado 1 - Seattle 2
This league is powered by Out of the Park Baseball, the baseball management simulation game for PC, Mac and Linux
Wednesday, December 2nd, 2015 - OOTP Baseball 16.8 Build 38